 Dungeon Crawl Stone Soup version 0.26-a0-639-g72c4674 (webtiles) character file.

Game seed: 2658674632280773240

86 B1Gdaddy5 the Bolt Thrower (level 4, 0/25 HPs)
             Began as a Kobold Arcane Marksman on Sept 21, 2020.
             Killed from afar by Sigmund (3 damage)
             ... with a magic dart
             ... on level 2 of the Dungeon.
             The game lasted 00:10:29 (2529 turns).

B1Gdaddy5 the Bolt Thrower (Kobold Arcane Marksman) Turns: 2529, Time: 00:10:29

Health: 0/25       AC:  5    Str:  7    XL:     4   Next: 78%
Magic:  5/7        EV: 16    Int: 15    God:
Gold:   110        SH:  0    Dex: 15    Spells: 6/7 levels left

rFire    . . .     SeeInvis .   (weapon restricted)
rCold    . . .     Faith    .   (shield restricted)
rNeg     . . .     Spirit   .   g - +0 leather armour
rPois    .         Reflect  .   (no helmet)
rElec    .         Harm     .   (no cloak)
rCorr    .         Rampage  .   (no gloves)
MR       .....                  (no boots)
Stlth    ++........             (no amulet)
HPRegen  0.08/turn              (no ring)
MPRegen  0.10/turn              (no ring)

@: no status effects
A: small, repulsion field 1, icy blue scales 1, blurry vision 1, nightstalker 3,
screaming 1
a: no special abilities


You were on level 2 of the Dungeon.
You visited 1 branch of the dungeon, and saw 2 of its levels.

You collected 110 gold pieces.

Inventory:

Hand Weapons
 a - a +0 hand crossbow
Armour
 g - a +0 leather armour (worn)
Scrolls
 f - a scroll of magic mapping {unknown}
 h - 2 scrolls of teleportation {unknown}
 k - a scroll of enchant armour {unknown}
 l - a scroll of fear {unknown}
 m - a scroll of remove curse {unknown}
Potions
 c - a potion of magic {unknown}
 e - a potion of curing {unknown}
 i - a potion of flight {unknown}
 j - a potion of brilliance {unknown}


   Skills:
 + Level 1.6 Fighting
 + Level 3.8 Crossbows
 + Level 0.3 Armour
 + Level 2.5 Dodging
 + Level 1.0 Stealth
 + Level 2.2 Spellcasting
 + Level 3.5 Hexes


You had 6 spell levels left.
You knew the following spells:

 Your Spells              Type           Power        Failure   Level
a - Corona                Hex            ##.....      8%          1

Your spell library contained the following spells:

 Spells                   Type           Power        Failure   Level
 Slow                     Hex            ##......     11%         2
 Inner Flame              Hex/Fire       #.......     43%         3
 Portal Projectile        Hex/Tloc       #.....       43%         3
 Cause Fear               Hex            ##........   58%         4
 Leda's Liquefaction      Hex/Erth       #.........   83%         4


Dungeon Overview and Level Annotations

Branches:
Dungeon (2/15)

Altars:

Annotations:
D:2 Sigmund


Innate Abilities, Weirdness & Mutations

You are small and have problems with some larger weapons.
You are completely attuned to the shadows.
You are surrounded by a mild repulsion field. (EV +2)
You are partially covered in icy blue scales. (AC +2)
Scrolls take you a little longer to read.
You occasionally shout uncontrollably at your foes.


Message History

The bat misses you. Something hits you.
Deactivating autopickup; reactivate with Ctrl-A.
You hit the bat but do no damage.
The bat is moderately wounded.
The bat barely misses you. x2
You hit the bat.
You kill the bat!
Something barely misses you.
You hear some strange, mumbled words.
Something tries to affect you, but you resist.
Something hits you!
Ouch! That really hurt!
* * * LOW HITPOINT WARNING * * *
It was a potion of mutation.
You feel extremely strange.
Icy blue scales grow over part of your body.
Your vision blurs.
You feel the urge to shout.
You begin to radiate repulsive energy.
A magic dart appears from out of thin air!
The magic dart hits you.
You die...

.............#
.............#
.............#
.............####
................#
.....#.....####.##
...>..##.### #..#
##.##.##.# ##.##
.........# #@.#
##.##....# ##.##
#.#####.# #{.# #.#
##.## .. #..# ##.#
#.# #.# ....#.#


There were no monsters in sight!

Vanquished Creatures
  4 adders (D:2)
  A worm (D:2)
  2 dart slugs
  3 leopard geckos
  7 hobgoblins
  4 kobolds
  A quokka (D:2)
  5 bats
  3 frilled lizards
  6 goblins (D:1)
  6 rats
42 creatures vanquished.

Notes
Turn   | Place    | Note
-------+----------+-------------------------------------------
     0 | D:1      | B1Gdaddy5 the Kobold Arcane Marksman began the quest for
                  | the Orb.
     0 | D:1      | Reached XP level 1. HP: 12/12 MP: 2/2
   342 | D:1      | Reached XP level 2. HP: 16/16 MP: 0/3
   885 | D:1      | Reached XP level 3. HP: 20/20 MP: 2/4
  1558 | D:2      | Reached XP level 4. HP: 25/25 MP: 4/7
  1680 | D:2      | Reached skill level 1 in Stealth
  2499 | D:2      | Noticed Sigmund
  2526 | D:2      | Gained mutation: You are partially covered in icy blue
                  | scales. (AC +2) [potion of mutation]
  2526 | D:2      | Gained mutation: Scrolls take you a little longer to read.
                  | [potion of mutation]
  2526 | D:2      | Gained mutation: You occasionally shout uncontrollably at
                  | your foes. [potion of mutation]
  2526 | D:2      | Gained mutation: You are surrounded by a mild repulsion
                  | field. (EV +2) [potion of mutation]
  2529 | D:2      | Killed from afar by Sigmund

Illustrated notes

Levels and vault maps discovered:
D:1:      dpeg_arrival_water_temple_mockup, layout_basic
D:2:      layout_rooms, minmay_splitting_lines, kennysheep_generic_room_2,
          uniq_sigmund

Skill      XL: |  1  2  3  4 |
---------------+-------------+-----
Crossbows      | 3 |  3.8
Spellcasting   | 2 |  2.2
Stealth        | 1 |  1.0
Fighting       | |  1.6
Armour         | |  0.3
Dodging        | |  2.5
Hexes          | |  3.5

Action                   |  1- 3 |  4- 6 || total
-------------------------+-------+-------++-------
Melee: Unarmed           |       |     3 ||     3
 Fire: Hand crossbow     |    70 |    34 ||   104
 Cast: Corona            |    29 |    18 ||    47
  Use: Potion            |       |     1 ||     1
Armor: Robe              |     5 |       ||     5
       Leather armour    |     8 |     9 ||    17
Dodge: Dodged            |    44 |    37 ||    81

Table legend: (Time is in decaauts)
 A = Elapsed time spent in this place.
 B = Non-inter-level travel time spent in this place.
 C = Inter-level travel time spent in this place.
 D = Time resting spent in this place.
 E = Time spent auto-exploring this place.
 F = Levels seen in this place.
 G = Mean time per level.
                   A        B        C        D        E       F      G
               +--------+--------+--------+--------+--------+-----+--------+
         Total |   2563 |   2539 |     24 |    285 |   1804 |   2 | 1281.5 |
       Dungeon |   2563 |   2539 |     24 |    285 |   1804 |   2 | 1281.5 |
               +--------+--------+--------+--------+--------+-----+--------+

Top non-repeatable levels by time:
     D:1: 1401 daAuts
     D:2: 1161 daAuts
